 Dungeon Crawl Stone Soup version 0.29.1-2-gbd0b4ee654 (webtiles) character file.

Game seed: 12813069867384326691

310 witty the Magician (level 6, -2/44 HPs)
             Began as a Gnoll Hedge Wizard on Oct 31, 2022.
             Slain by a centaur (4 damage)
             ... on level 3 of the Dungeon.
             The game lasted 00:07:05 (2567 turns).

witty the Magician (Gnoll Hedge Wizard)             Turns: 2567, Time: 00:07:08

Health: -2/44      AC:  2    Str: 10    XL:     6   Next: 41%
Magic:  4/16       EV: 13    Int: 15    God:
Gold:   145        SH:  0    Dex: 11    Spells: 10/19 levels left

rFire   . . .      SeeInvis .   l - +1 dagger (speed)
rCold   . . .      Faith    .   (no shield)
rNeg    . . .      Spirit   .   b - +0 robe
rPois   .          Reflect  .   c - +0 hat
rElec   .          Harm     .   (no cloak)
rCorr   .          Rampage  .   (no gloves)
Will    .....                   (no boots)
Stlth   +++.......              (no amulet)
HPRegen 0.14/turn               i - ring of flight
MPRegen 0.15/turn               (no ring)

@: flying, very slightly contaminated
A: fangs 1, strong nose, distributed training
a: no special abilities


You were on level 3 of the Dungeon.
You visited 1 branch of the dungeon, and saw 3 of its levels.

You collected 145 gold pieces.

Inventory:

Hand Weapons
 a - a +0 dagger
 l - a +1 dagger of speed (weapon)
Armour
 b - a +0 robe (worn)
 c - a +0 hat (worn)
Magical Staves
 f - a staff of poison
Jewellery
 i - a ring of flight (left hand)
Wands
 q - a wand of polymorph (9)
Scrolls
 e - 5 scrolls of identify {unknown}
 g - a scroll of amnesia {unknown}
 h - a scroll of fog {unknown}
 j - a scroll of teleportation {unknown}
 o - a scroll of enchant weapon {unknown}
 p - a scroll of fear {unknown}
Potions
 d - a potion of magic
 k - a potion of mutation {unknown}
 m - 2 potions of curing {unknown}
 n - a potion of degeneration {unknown}


   Skills:
 + Level 2.0 Fighting
 + Level 2.0 Short Blades
 + Level 2.0 Long Blades
 + Level 2.0 Axes
 + Level 2.0 Maces & Flails
 + Level 2.0 Polearms
 + Level 2.0 Staves
 + Level 2.0 Ranged Weapons
 + Level 2.0 Throwing
 + Level 2.0 Armour
 + Level 5.0 Dodging
 + Level 4.6 Stealth
 + Level 2.0 Shields
 + Level 2.0 Unarmed Combat
 + Level 7.4 Spellcasting
 + Level 2.7 Conjurations
 + Level 1.6 Hexes
 + Level 2.7 Summonings
 + Level 1.6 Necromancy
 + Level 2.7 Translocations
 + Level 1.6 Transmutations
 + Level 1.6 Fire Magic
 + Level 1.6 Ice Magic
 + Level 1.6 Air Magic
 + Level 1.6 Earth Magic
 + Level 1.6 Poison Magic
 + Level 2.2 Invocations
 + Level 2.0 Evocations


You had 10 spell levels left.
You knew the following spells:

 Your Spells              Type           Power      Damage    Failure   Level
a - Magic Dart            Conj           52%        1d5       4%          1
b - Blink                 Tloc           26%        N/A       6%          2
c - Call Imp              Summ           13%        N/A       6%          2
d - Slow                  Hex            40%        N/A       6%          1
e - Mephitic Cloud        Conj/Pois/Air  11%        N/A       17%         3

Your spell library contained the following spells:

 Spells                   Type           Power      Damage    Failure   Level
 Sublimation of Blood     Necr           10%        N/A       10%         2
 Wereblood                Tmut           10%        N/A       10%         2
 Conjure Flame            Conj/Fire      12%        6-21      16%         3
 Summon Hydra             Summ           6%         N/A       100%        7


Dungeon Overview and Level Annotations

Branches:
Dungeon (3/15)

Altars:


Innate Abilities, Weirdness & Mutations

You have very sharp teeth.
Your uncanny sense of smell can sniff out nearby items.
Your experience applies equally to all skills.


Message History

Casting: Call Imp (safe; 6% risk of failure)
Confirm with . or Enter, or press ? or * to list all spells.
Aiming: Mephitic Cloud (dangerous; 17% risk of failure)
Press: ? - help, Shift-Dir - straight line, p - centaur You miscast Mephitic Cloud.
You are very lightly contaminated with residual magic.
Nothing appears to happen.
The centaur misses you. The centaur kicks you.
* * * LOW HITPOINT WARNING * * *
Your crimson imp blinks!
Casting: Mephitic Cloud (dangerous; 17% risk of failure)
Confirm with . or Enter, or press ? or * to list all spells.
Aiming: Mephitic Cloud (dangerous; 17% risk of failure)
Press: ? - help, Shift-Dir - straight line The ball explodes into a vile cloud!
The stinking cloud engulfs the centaur but does no damage.
The centaur is heavily wounded.
You hear an angry hiss.
You hear a shout!
The centaur is engulfed in noxious fumes.
The centaur appears confused.
The centaur hits you.
* * * LOW HITPOINT WARNING * * *
The centaur barely misses you.
The centaur is engulfed in noxious fumes.
The centaur appears confused.
The centaur closely misses you. The centaur barely misses you.
You completely miss the centaur.
The centaur is heavily wounded.
You hit the centaur.
The centaur is severely wounded.
The centaur is engulfed in noxious fumes.
The centaur appears confused.
Casting: Mephitic Cloud (dangerous; 17% risk of failure)
Confirm with . or Enter, or press ? or * to list all spells.
Aiming: Magic Dart (safe; 4% risk of failure)
Press: ? - help, Shift-Dir - straight line, f - centaur
Aim: a centaur (severely wounded, confused, ally target, 100% to hit)
The magic dart hits the centaur but does no damage.
The centaur is severely wounded.
The centaur is engulfed in noxious fumes.
The centaur appears confused.
The centaur hits you.
You die...

... #.. #.# #.# #### #.#
#..### #.# #....### # #.#
#....#.##### ... #5#
#....[.....###
.....####@###............#
.......Jc.°...............
J...#.###°..#....####.....
. .......................
###.#######....####.....
#########..... ..........
###....... ....######


You could see a centaur (confused, ally target), an endoplasm and a friendly
crimson imp (summoned).

Vanquished Creatures
  Sigmund (D:2)
  2 orc priests (D:3)
  3 adders (D:2)
  3 dart slugs
  An orc (D:3)
  3 endoplasms (D:1)
  4 giant cockroaches
  3 goblins
  A hobgoblin (D:1)
  4 jackals (D:1)
  6 kobolds
  3 quokkas
  3 ball pythons (D:1)
  5 bats
  4 frilled lizards
  3 rats (D:2)
49 creatures vanquished.

Vanquished Creatures (collateral kills)
  An orc (D:3)
1 creature vanquished.

Vanquished Creatures (others)
  2 demonic plants (D:2)
2 creatures vanquished.

Grand Total: 52 creatures vanquished

Notes
Turn   | Place    | Note
-------+----------+-------------------------------------------
     0 | D:1      | witty the Gnoll Hedge Wizard began the quest for the Orb.
     0 | D:1      | Reached XP level 1. HP: 13/13 MP: 8/8
   205 | D:1      | Reached XP level 2. HP: 19/19 MP: 7/10
   706 | D:1      | Reached XP level 3. HP: 25/25 MP: 8/11
   963 | D:1      | Reached skill level 1 in Invocations
  1364 | D:2      | Reached skill level 1 in Fighting
  1364 | D:2      | Reached skill level 1 in Short Blades
  1364 | D:2      | Reached skill level 1 in Long Blades
  1364 | D:2      | Reached skill level 1 in Axes
  1364 | D:2      | Reached skill level 1 in Maces & Flails
  1364 | D:2      | Reached skill level 1 in Polearms
  1364 | D:2      | Reached skill level 1 in Staves
  1364 | D:2      | Reached skill level 1 in Ranged Weapons
  1364 | D:2      | Reached skill level 1 in Throwing
  1364 | D:2      | Reached skill level 1 in Armour
  1364 | D:2      | Reached skill level 1 in Shields
  1364 | D:2      | Reached skill level 1 in Unarmed Combat
  1364 | D:2      | Reached skill level 1 in Evocations
  1370 | D:2      | Learned a level 2 spell: Blink
  1373 | D:2      | Learned a level 2 spell: Call Imp
  1375 | D:2      | Learned a level 1 spell: Slow
  1379 | D:2      | Learned a level 3 spell: Mephitic Cloud
  1626 | D:2      | Reached XP level 4. HP: 32/32 MP: 5/13
  1949 | D:2      | Found a faded altar of an unknown god.
  1960 | D:2      | Noticed Sigmund
  1970 | D:2      | Killed Sigmund
  1971 | D:2      | Reached skill level 1 in Hexes
  1971 | D:2      | Reached skill level 1 in Necromancy
  1971 | D:2      | Reached skill level 1 in Transmutations
  1971 | D:2      | Reached skill level 1 in Fire Magic
  1971 | D:2      | Reached skill level 1 in Ice Magic
  1971 | D:2      | Reached skill level 1 in Air Magic
  1971 | D:2      | Reached skill level 1 in Earth Magic
  1971 | D:2      | Reached skill level 1 in Poison Magic
  1971 | D:2      | Reached XP level 5. HP: 32/38 MP: 9/14
  1971 | D:2      | Reached XP level 6. HP: 37/44 MP: 10/16
  2299 | D:3      | Reached skill level 5 in Dodging
  2564 | D:3      | HP: 2/44 [centaur (1)]
  2567 | D:3      | Slain by a centaur

Illustrated notes

Levels and vault maps discovered:
D:1:      dpeg_arrival_round_b, layout_rooms, solitary_fountain
D:2:      layout_basic, dreamdust_ecumenical_altar_sealed_demon,
          dreamdust_wishing_well, minmay_surrounded, uniq_sigmund
D:3:      minmay_skewed_foursquare, layout_rooms, lemuel_round_altar

Skill      XL: |  1  2  3  4  5  6 |
---------------+-------------------+-----
Conjurations   | 2 |  2.7
Summonings     | 2 |  2.7
Translocations | 2 |  2.7
Invocations    | 1 2 |  2.2
Fighting       | 1 2 |  2.0
Short Blades   | 1 2 |  2.0
Long Blades    | 1 2 |  2.0
Axes           | 1 2 |  2.0
Maces & Flails | 1 2 |  2.0
Polearms       | 1 2 |  2.0
Staves         | 1 2 |  2.0
Ranged Weapons | 1 2 |  2.0
Throwing       | 1 2 |  2.0
Armour         | 1 2 |  2.0
Shields        | 1 2 |  2.0
Unarmed Combat | 1 2 |  2.0
Evocations     | 1 2 |  2.0
Hexes          | 1 |  1.6
Necromancy     | 1 |  1.6
Transmutations | 1 |  1.6
Fire Magic     | 1 |  1.6
Ice Magic      | 1 |  1.6
Air Magic      | 1 |  1.6
Earth Magic    | 1 |  1.6
Poison Magic   | 1 |  1.6
Dodging        | 5 |  5.0
Stealth        | |  4.6
Spellcasting   | |  7.4

Action                   |  1- 3 |  4- 6 || total
-------------------------+-------+-------++-------
Melee: Dagger            |    10 |    22 ||    32
       Bite              |       |     1 ||     1
 Cast: Magic Dart        |   103 |    21 ||   124
       Mephitic Cloud    |       |     5 ||     5
       Call Imp          |       |     3 ||     3
 Stab: Confused          |       |     2 ||     2
       Sleeping          |       |     2 ||     2
       Distracted        |       |     1 ||     1
Armor: Robe              |     8 |     2 ||    10
Dodge: Dodged            |    15 |    20 ||    35
